 Dungeon Crawl Stone Soup version 0.20.0-15-g7f486f2 (webtiles) character file.

99 NoAnimeNoLife the Skirmisher (level 4, 0/33 HPs)
             Began as an Octopode Fighter on June 14, 2017.
             Slain by sagitran's ghost (4 damage)
             ... on level 3 of the Dungeon.
             The game lasted 00:02:14 (1533 turns).

NoAnimeNoLife the Skirmisher (Octopode Fighter)     Turns: 1533, Time: 00:02:15

Health: 0/33       AC:  3    Str: 20    XL:     4   Next: 72%
Magic:  4/4        EV: 12    Int: 15    God:
Gold:   112        SH:  9    Dex: 15    Spells: 3/3 levels left

rFire    . . .     SeeInvis .   a - +0 flail
rCold    . . .     Gourm    .   b - +0 shield
rNeg     . . .     Faith    .   i - +2 hat
rPois    .         Spirit   .   (no amulet)
rElec    .         Reflect  .   n - ring of teleportation (curse)
rCorr    +         Harm     .   o - +3 ring of dexterity
MR       .....     Rnd*Tele +   g - ring of resist corrosion
Stlth    ++........             (no ring)
Regen    0.2/turn               (no ring)
MPRegen  0.1/turn               (no ring)
                                (no ring)
                                (no ring)

@: mighty, brilliant
A: almost no armour, stealthy swim, amphibious, 8 rings, constrict 8, camouflage
1, gelatinous body 1
a: no special abilities


You were on level 3 of the Dungeon.
You were very hungry.

You visited 1 branch of the dungeon, and saw 3 of its levels.

You collected 112 gold pieces.

Inventory:

Hand Weapons
 a - a +0 flail (weapon)
Armour
 b - a +0 shield (worn)
 i - a +2 hat (worn)
Jewellery
 g - a ring of resist corrosion (on tentacle)
 n - a cursed ring of teleportation (left tentacle)
 o - a +3 ring of dexterity (right tentacle)
Scrolls
 e - 2 scrolls of teleportation
 j - 2 scrolls of magic mapping {unknown}
Potions
 h - a potion of agility
Comestibles
 d - 2 bread rations
 f - 2 meat rations
 k - 5 fruits


   Skills:
 + Level 4.2 Fighting
 + Level 3.6 Maces & Flails
 - Level 3.0 Dodging
 - Level 3.0 Shields


You had 3 spell levels left.
You didn't know any spells.

Dungeon Overview and Level Annotations

Branches:
Dungeon (3/15)

Altars:

Annotations:
D:3 Robin; sagitran's ghost, novice FoFi


Innate Abilities, Weirdness & Mutations

You cannot wear most types of armour.
You are very stealthy in the water. (Stealth+)
You are amphibious.
You can wear up to eight rings at the same time.
You can use your tentacles to constrict eight enemies at once.
Your skin changes colour to match your surroundings (Stealth+).
Your rubbery body absorbs attacks. (AC +1, EV +1)


Message History

You constrict the goblin.
You kill the goblin!
Robin says, "My army is invincible!"
Robin roars a battlecry!
The goblins go into a battle-frenzy!
A hobgoblin comes into view.
You feel very mighty all of a sudden. Sagitran's ghost hits you!
Robin throws the goblin at you! You block the goblin's attack.
You closely miss sagitran's ghost.
The hobgoblin shouts!
The goblin shouts!
You squeeze sagitran's ghost, but do no damage.
Sagitran's ghost hits you!
Robin drinks a potion.
Robin suddenly seems more agile.
The goblin barely misses you.
You closely miss sagitran's ghost. You squeeze sagitran's ghost!
Sagitran's ghost is lightly damaged.
Sagitran's ghost hits you!
* * * LOW HITPOINT WARNING * * *
The goblin barely misses you. Sagitran's ghost hits you.
You die...

.....#
.g... ##gg.
.g. #g# #g#
#g# #######
#W# #..[..#
#@#
####.###.#
#g# #....#
#.#######.#
#....#
#.........#
#....#
###########
#....#
####.# #.#
#.#


You could see Robin, sagitran's ghost, 3 hobgoblins and 4 goblins.

Vanquished Creatures
  3 adders (D:2)
  An ooze (D:2)
  2 worms
  4 dart slugs
  2 leopard geckos (D:1)
  2 ball pythons (D:2)
  7 goblins
  6 hobgoblins
  6 jackals
  A quokka (D:3)
  4 bats
  4 frilled lizards
  6 kobolds
  4 rats
52 creatures vanquished.

Notes
Turn   | Place    | Note
-------+----------+-------------------------------------------
     0 | D:1      | NoAnimeNoLife the Octopode Fighter began the quest for the Orb.
     0 | D:1      | Reached XP level 1. HP: 16/16 MP: 1/1
    89 | D:1      | Reached XP level 2. HP: 8/21 MP: 2/2
   493 | D:1      | Reached XP level 3. HP: 26/26 MP: 3/3
  1002 | D:2      | Reached XP level 4. HP: 31/33 MP: 4/4
  1028 | D:2      | Reached skill level 4 in Fighting
  1273 | D:2      | You fall through a shaft!
  1524 | D:3      | Noticed sagitran's ghost (novice FoFi)
  1529 | D:3      | Noticed Robin
  1533 | D:3      | Slain by sagitran's ghost

Skill      XL: |  1  2  3  4 |
---------------+-------------+-----
Maces & Flails | 3 |  3.6
Fighting       | 4 |  4.2
Dodging        | |  3.0
Shields        | |  3.0

Action                   |  1- 3 |  4- 6 || total
-------------------------+-------+-------++-------
Melee: Flail             |    68 |    31 ||    99
       Constrict         |    24 |     9 ||    33
       Tentacles         |    11 |     8 ||    19
  Use: Scroll            |       |     5 ||     5
       Potion            |       |     2 ||     2
 Stab: Sleeping          |     4 |     3 ||     7
  Eat: Chunk             |       |     1 ||     1
Armor: Skin              |    11 |     5 ||    16
Dodge: Dodged            |    32 |    12 ||    44
Block: Shield            |    31 |    10 ||    41
